Vis, lawful male human Archeologist ---------- |.........# |..@)..@.|# |..@I....|##0 |........|### |%).......#### --.---.--- # #### # ### --+-.--- |......| |......| |......| |......| -------- Vis the Investigator Experience level: 7 Strength: 16 Dexterity: 12 Constitution: 9 Intelligence: 15 Wisdom: 16 Charisma: 9 Health: 0(56) Energy: 36(36) AC: 9 Gold: 1612 Moves: 2952 Your Inventory: Coins $ - 1612 gold pieces Weapons a - an uncursed +2 bullwhip A - an uncursed rustproof [+0] long sword named Sunsword [Sunsword] (weapon in hand) Armor b - a blessed +0 leather jacket (being worn) c - a blessed +0 fedora (being worn) Comestibles d - 2 uncursed food rations m - an uncursed sprig of wolfsbane C - an uncursed tripe ration N - an [uncursed] fortune cookie Scrolls j - 2 uncursed scrolls labeled LOREN IPSUM [of gold detection] q - an uncursed scroll called tele [of teleportation] D - an uncursed scroll labeled LEP GEX VEN ZEA [of identify] Q - an [uncursed] scroll labeled VELOX NEB [of light] Spellbooks M - an [uncursed] mottled spellbook [of knock] Potions n - a cursed slimy potion [of object detection] o - an uncursed steamy potion [of speed] I - a cursed ruby potion [of extra healing] U - an [uncursed] dark green potion [of paralysis] Rings t - a cursed wire ring [of hunger] J - a cursed [-2] sapphire ring [of increase accuracy] Wands l - an uncursed wand of probing [0:6] Tools e - an uncursed +0 pick-axe (alternate weapon; not wielded) f - an uncursed tinning kit (0:32) h - an uncursed tin opener i - an uncursed key [skeleton key] p - an uncursed key [skeleton key] s - an uncursed sack u - an uncursed key [skeleton key] H - an uncursed credit card O - 2 [uncursed tallow] candles V - an [uncursed wax] candle W - an [uncursed] key [skeleton key] Gems g - an uncursed touchstone E - an uncursed fluorite stone F - an uncursed jet stone L - an [uncursed] worthless piece of yellowish brown glass R - an [uncursed] worthless piece of violet glass S - an [uncursed] worthless piece of red glass T - an [uncursed] worthless piece of blue glass Spells known in the end: Name Level Category Fail Memory a - healing 1 healing 3% [||||||||] Your skills at the end: Fighting Skills Weapon Skills pick-axe [Basic] sling [Basic] whip [Basic] Spellcasting Skills Final Attributes: You were piously aligned. Hunger level was 395. Your alignment was 23 / 24. Monster difficulty range was 1 - 7. Level difficulty was 8. You resisted cold. You were stealthy. You were fast. You were lucky (1). You are dead. Vanquished creatures: a leather golem an orc mummy a gnome mummy 3 gnome lords a gnomish wizard a gray ooze 5 giant ants 3 kittens a kobold lord a monkey an acid blob 6 giant rats 33 gnomes a gecko 4 jackals 2 kobolds a goblin a bat 3 lichens 6 newts 76 creatures vanquished. Voluntary challenges: You used a wielded weapon 128 times. You read items or engraved 4 times. You put on armor 2 times. You never genocided any monsters. You never polymorphed an object. You never changed form. You used no wishes. You never wrote Elbereth's name. You never encountered a bones level. You never used any Sokoban shortcuts. Dungeon overview: The Dungeons of Doom: levels 1 to 5 Level 1 a long staircase Level 2 a jewelry store Level 3 an altar to Quetzalcoatl Level 4 a sink stairs to The Gnomish Mines The Gnomish Mines: levels 5 to 8 Level 5 stairs to The Dungeons of Doom Level 8 <- You were here History has recorded: On T:1 you entered the Dungeons of Doom to retrieve the Amulet of Yendor! On T:270 you reached level 2 of The Dungeons of Doom. On T:433 you advanced to experience level 2. On T:585 you reached level 3 of The Dungeons of Doom. On T:727 you advanced to experience level 3. On T:843 you reached level 4 of The Dungeons of Doom. On T:848 you advanced to experience level 4. On T:1138 you advanced to experience level 5. On T:1156 you received Sunsword from Quetzalcoatl. On T:1376 you reached level 5 of The Dungeons of Doom. On T:1594 you reached level 1 of The Gnomish Mines. On T:1654 you advanced to experience level 6. On T:2269 you reached level 2 of The Gnomish Mines. On T:2413 you reached level 3 of The Gnomish Mines. On T:2415 you advanced to experience level 7. On T:2648 you reached level 4 of The Gnomish Mines. Latest messages: You hear a slow drip. [HP-8=42] The Woodland-elf picks up 3 daggers. The Woodland-elf wields a runed broadsword! [HP+1=43] The Woodland-elf wields a crossbow! The Woodland-elf throws a runed dagger! You are hit by a runed dagger. It picks up 3 darts. [HP-3=40] You feel an unseen monster! The Woodland-elf picks up a mummy wrapping. The Woodland-elf puts on a mummy wrapping. It hits! The Woodland-elf throws a dagger! You are hit by a dagger. [HP-16=24] You miss it. The Woodland-elf shoots a crossbow bolt! You are hit by a crossbow bolt. It hits! The runed arrow freezes you! Your ruby potion freezes and shatters! You die... The sack is empty. Final status: Goodbye Vis the Archeologist... You died in The Gnomish Mines on dungeon level 8 with 8170 points, and 1612 pieces of gold, after 2952 moves. You were level 7 with a maximum of 56 hit points when you died.